 Dungeon Crawl Stone Soup version 0.22.1-2-g9c5b331 (webtiles) character file.

1444 Fang the Chopper (level 8, 0/51 HPs)
             Began as a Gargoyle Berserker on Dec 19, 2018.
             Was a Priest of Trog.
             Slain by a bullfrog zombie (5 damage)
             ... on level 7 of the Dungeon.
             The game lasted 00:07:04 (7071 turns).

Fang the Chopper (Gargoyle Berserker)               Turns: 7071, Time: 00:07:05

Health: 0/51       AC: 13    Str: 24    XL:     8   Next: 74%
Magic:  17/17      EV: 17    Int:  7    God:    Trog [***...]
Gold:   330        SH:  0    Dex: 17    Spells: 7/7 levels left

rFire    . . .     SeeInvis .   D - +0 battleaxe
rCold    . . .     Gourm    .   (shield currently unavailable)
rNeg     + . .     Faith    .   j - +0 scale mail
rPois    ∞         Spirit   .   (no helmet)
rElec    +         Reflect  .   (no cloak)
rCorr    .         Harm     .   (no gloves)
MR       .....                  (no boots)
Stlth    ++........             (no amulet)
HPRegen  0.17/turn              h - ring of magical power
MPRegen  0.15/turn              w - +3 ring of dexterity

@: agile, berserk cooldown
A: negative energy resistance 1, electricity resistance, unbreathing,
petrification resistance, rot immunity, AC +5
a: Berserk, Trog's Hand, Renounce Religion


You were on level 7 of the Dungeon.
You worshipped Trog.
Trog was most pleased with you.
You were very hungry.

You visited 2 branches of the dungeon, and saw 8 of its levels.

You collected 330 gold pieces.

Inventory:

Hand Weapons
 D - a +0 battleaxe (weapon)
Armour
 j - a +0 scale mail (worn)
Jewellery
 a - an uncursed ring of positive energy
 h - a ring of magical power (left hand)
 q - an uncursed ring of positive energy
 w - a +3 ring of dexterity (right hand)
Wands
 B - a wand of acid (9)
Scrolls
 b - 4 scrolls of enchant armour {unknown}
 e - 5 scrolls of remove curse {unknown}
 f - 3 scrolls of noise {unknown}
 g - 3 scrolls of teleportation {unknown}
 n - 3 scrolls of random uselessness {unknown}
 o - 6 scrolls of identify {unknown}
 u - a scroll of amnesia {unknown}
 x - 2 scrolls of fear {unknown}
 y - 2 scrolls of fog {unknown}
 A - a scroll of summoning {unknown}
Potions
 d - 5 potions of curing {unknown}
 i - 2 potions of mutation {unknown}
 k - a potion of agility
 l - a potion of heal wounds {unknown}
 m - a potion of haste {unknown}
 p - a potion of brilliance
 r - a potion of degeneration {unknown}
 s - a potion of berserk rage {unknown}
 t - a potion of ambrosia {unknown}
 v - a potion of invisibility
 z - a potion of might {unknown}
 C - a potion of cancellation {unknown}
Comestibles
 c - 18 rations


   Skills:
 + Level 5.9 Fighting
 + Level 7.2 Axes
 + Level 5.8 Armour
 + Level 3.0 Dodging
 + Level 1.5 Stealth


You had 7 spell levels left.
You didn't know any spells.
Your spell library was empty.

Dungeon Overview and Level Annotations

Branches:
Dungeon (7/15)             Temple (1/1) D:5

Altars:
Ashenzari
Elyvilon
Fedhas
Makhleb
Qazlal
Trog
Vehumet

Shops:
D:5 !   D:7 [


Innate Abilities, Weirdness & Mutations

You are resistant to torment.
Your stone body is resilient. (AC +5)
You are immune to poison.
You resist negative energy. (rN+)
You are resistant to electric shocks. (rElec)
You can survive without breathing.
You are immune to petrification.
You are immune to rotting.


Message History

The killer bee barely misses you. The killer bee closely misses you.
The gnoll sergeant hits you from afar with a trident of freezing.
* * * LOW HITPOINT WARNING * * *
The gnoll sergeant freezes you.
* * * LOW HITPOINT WARNING * * *
The killer bee misses you.
The killer bee stings you but does no damage.
The killer bee closely misses you.
The killer bee stings you but does no damage.
The killer bee misses you. The gnoll sergeant barely misses you.
The killer bee stings you but does no damage.
It was a potion of agility.
You feel agile all of a sudden.
You feel yourself speed up. The killer bee misses you.
The killer bee closely misses you. The killer bee misses you.
The killer bee stings you but does no damage.
The killer bee misses you.
The killer bee stings you but does no damage.
The bullfrog zombie hits you.
You die...

#.###.#.#.# #.#
#.#.#.# #.#
#.#.#.# #.#
#.#.#.#
########.###.#.#.#
#<...........#.#.#
########÷#####.#)#
####.∩..Z...#.#
#......@y.....#
#.####yyy..g..#
#.#
#.g.g....#########
#.#
#..g....g'.....ZgY
#.#
#........#####.g..
#.# ##+####### .
#.# #.# #.#


You could see a gnoll sergeant, 4 killer bees, 4 gnolls and a bullfrog zombie.

Vanquished Creatures
  3 ice beasts
  An ogre (D:6)
  A big kobold (D:6)
  A bullfrog (D:6)
  A scorpion (D:6)
  5 wights (D:6)
  A howler monkey (D:6)
  A bullfrog zombie (D:7)
  2 crimson imps
  A hound (D:5)
  An orc priest (D:5)
  An orc wizard (D:4)
  A bullfrog skeleton (D:5)
  3 iguanas
  4 worker ants
  A hound zombie (D:5)
  A worker ant zombie (D:6)
  7 gnolls
  5 adders
  A shadow imp (D:6)
  2 oozes
  An adder zombie (D:6)
  A worm (D:3)
  4 dart slugs
  4 leopard geckos
  9 orcs
  2 ball pythons
  4 giant cockroaches
  7 goblins
  7 hobgoblins
  8 jackals
  9 quokkas
  2 bats (D:3)
  A frilled lizard (D:1)
  7 kobolds
  10 rats
  A bush (D:6)
  A plant (D:6)
122 creatures vanquished.

Notes
Turn   | Place    | Note
-------+----------+-------------------------------------------
     0 | D:1      | Fang the Gargoyle Berserker began the quest for the Orb.
     0 | D:1      | Reached XP level 1. HP: 14/14 MP: 1/1
   103 | D:1      | Reached skill level 3 in Axes
   103 | D:1      | Reached XP level 2. HP: 12/19 MP: 2/2
   917 | D:2      | Reached XP level 3. HP: 16/24 MP: 3/3
   935 | D:2      | Reached ** piety under Trog
   935 | D:2      | Reached XP level 4. HP: 12/29 MP: 4/4
  1749 | D:3      | Reached skill level 4 in Axes
  1948 | D:3      | Found a burning altar of Makhleb.
  1950 | D:3      | Noticed an Executioner
  1987 | D:3      | Noticed a neqoxec
  1987 | D:3      | Noticed a ynoxinul
  2086 | D:3      | Reached XP level 5. HP: 33/33 MP: 5/5
  2829 | D:4      | Found a burning altar of Makhleb.
  2830 | D:4      | Found a radiant altar of Vehumet.
  2930 | D:4      | Reached XP level 6. HP: 37/39 MP: 6/6
  3039 | D:4      | Found a bloodstained altar of Trog.
  3399 | D:5      | Entered Level 5 of the Dungeon
  3833 | D:5      | Found a faded altar of an unknown god.
  3833 | D:5      | Found a white marble altar of Elyvilon.
  3838 | D:5      | Found a blossoming altar of Fedhas.
  3840 | D:5      | Found a bloodstained altar of Trog.
  3841 | D:5      | Found a stormy altar of Qazlal.
  3918 | D:5      | Found a staircase to the Ecumenical Temple.
  3930 | D:5      | Reached skill level 5 in Axes
  3934 | D:5      | Noticed an ice beast
  3946 | D:5      | Killed an ice beast
  3946 | D:5      | Reached XP level 7. HP: 28/44 MP: 7/7
  4199 | D:5      | Found Yjokesayk's Distillery.
  4336 | D:5      | Reached *** piety under Trog
  4883 | D:5      | Reached skill level 1 in Stealth
  4889 | D:5      | Reached skill level 5 in Fighting
  5354 | Temple   | Entered the Ecumenical Temple
  5717 | D:6      | Reached skill level 5 in Armour
  5718 | D:6      | Reached skill level 6 in Axes
  5718 | D:6      | Reached XP level 8. HP: 49/49 MP: 8/8
  6020 | D:6      | Found a shattered altar of Ashenzari.
  6809 | D:7      | Found Inus's Armour Shoppe.
  6816 | D:7      | Reached skill level 7 in Axes
  7071 | D:7      | Slain by a bullfrog zombie

Skill      XL: |  1  2  3  4  5  6  7  8 |
---------------+-------------------------+-----
Axes           | 3 4 5 6 7 |  7.2
Fighting       | 4 5 |  5.9
Dodging        | 2 3 |  3.0
Armour         | 3 4 5 |  5.8
Stealth        | 1 |  1.5

Action                   |  1- 3 |  4- 6 |  7- 9 || total
-------------------------+-------+-------+-------++-------
Melee: Hand axe          |    74 |   258 |   138 ||   470
       Battleaxe         |       |       |   134 ||   134
Invok: Berserk           |     1 |     1 |     6 ||     8
  Use: Potion            |       |       |     3 ||     3
 Stab: Invisible         |       |       |     1 ||     1
  Eat: Chunk             |       |    10 |     6 ||    16
       Ration            |       |       |     3 ||     3
Armor: Animal skin       |     8 |       |       ||     8
       Scale mail        |    20 |   147 |   184 ||   351
Dodge: Dodged            |    47 |   127 |   202 ||   376
